Map: Ruins of Seras

Players

aureF

  • Race: Terran Terran
  • League: Master

ReacH - Winner!

  • Race: Protoss Protoss
  • League: Platinum

VOD

Have the link to the VOD?

Description

Time

  • Played on: Feb. 24, 2016, 8:35 p.m.
  • Length: 15:44
Show
View Real Time Build Order
Export as new Build Order

aureF Terran 

Build Orders: MMM Bio 

Get SALT Encoding   

  12  0:01  SCV  
  13  0:13  SCV  
  14  0:18  Supply Depot  
  14  0:25  SCV  
  15  0:40  SCV  
  15  0:41  Barracks  
  16  0:45  Refinery  
  16  0:52  SCV  
  17  1:04  SCV  
  18  1:16  SCV  
  19  1:30  Orbital Command  
  19  1:36  Barracks Reactor  
  19  1:48  Command Center  
  19  1:55  Supply Depot  
  19  1:58  SCV  
  20  2:10  SCV  
  20  2:15  Marine  
  21  2:16  Marine  
  21  2:21  Factory  
  23  2:24  SCV  
  24  2:31  Refinery  
  24  2:36  SCV  
  25  2:37  Marine  
  25  2:38  Marine  
  27  2:48  SCV  
  27  2:55  Marine x2  
  29  3:00  SCV  
  30  3:08  Factory Tech Lab  
  30  3:10  Starport  
  30  3:12  SCV  
  31  3:13  Orbital Command  
  31  3:21  Marine x2  
  31  3:24  SCV  
  34  3:29  Cyclone  
  34  3:33  Supply Depot  
  37  3:39  SCV  
  37  3:40  Marine  
  37  3:42  SCV  
  38  3:51  SCV  
  38  3:52  Starport Reactor  
  40  3:55  SCV  
  40  3:57  Marine x2  
  42  4:03  SCV  
  42  4:08  Siege Tank  
  46  4:12  SCV  
  47  4:17  Marine x2  
  47  4:19  SCV  
  50  4:24  Refinery  
  50  4:29  SCV  
  50  4:30  Barracks  
  51  4:31  Barracks  
  51  4:35  SCV  
  52  4:39  Medivac  
  54  4:46  Medivac, SCV  
  54  4:47  Supply Depot, SCV  
  54  4:50  Marine x2  
  60  4:59  SCV x2  
  62  5:04  Supply Depot  
  62  5:08  Siege Tank  
  62  5:11  SCV  
  62  5:12  Marine  
  62  5:13  Marine  
  68  5:15  SCV  
  68  5:17  Supply Depot  
  68  5:19  Barracks Tech Lab  
  68  5:20  Barracks Tech Lab  
  69  5:26  SCV  
  69  5:28  Refinery  
  70  5:40  Liberator  
  70  5:42  Combat Shields  
  70  5:43  Stimpack  
  70  5:44  Marauder x2, Marine x2  
  70  5:46  SCV x2  
  78  5:51  Supply Depot  
  81  6:00  SCV  
  81  6:01  SCV  
  83  6:06  Liberator  
  83  6:12  SCV  
  83  6:13  Marauder x2, Marine  
  83  6:14  Marine  
  90  6:19  Engineering Bay, SCV  
  90  6:20  Engineering Bay  
  90  6:25  SCV  
  95  6:31  SCV  
  95  6:32  Supply Depot  
  96  6:38  Supply Depot  
  96  6:39  Marauder x2  
  100  6:40  SCV  
  100  6:45  Marine  
  102  6:49  Supply Depot  
  102  6:53  Marine  
  103  6:59  SCV x2  
  105  7:02  Supply Depot, Siege Tank  
  105  7:03  Marine  
  109  7:11  Marine  
  110  7:17  Command Center  
  110  7:19  SCV  
  110  7:22  Terran Infantry Weapons Level 1, Terran Infantry Armor Level 1  
  105  7:31  Marauder x2, Medivac  
  109  7:45  Medivac  
  109  7:48  SCV x2  
  110  8:00  SCV x2  
  110  8:01  Medivac  
  110  8:03  Marine x3  
  110  8:04  Marauder  
  117  8:12  SCV x2  
  109  8:21  Marine x2  
  109  8:22  Marauder  
  109  8:25  Marauder  
  115  8:35  Supply Depot, Barracks  
  115  8:36  Barracks x2  
  115  8:37  Barracks  
  115  8:39  Marine x2  
  113  8:43  Marauder  
  113  8:47  Marauder  
  106  8:57  Marine x2  
  106  9:01  Liberator  
  103  9:05  Marauder  
  103  9:06  SCV x2  
  103  9:07  Marine  
  103  9:08  Siege Tank  
  111  9:14  Marine  
  111  9:15  Marine, Armory  
  111  9:16  Command Center  
  113  9:19  SCV  
  113  9:20  SCV  
  113  9:21  Medivac  
  113  9:23  Supply Depot  
  118  9:26  Marauder x2  
  122  9:32  Marine  
  114  9:41  Marine  
  117  9:47  Marauder x2, Barracks Tech Lab, Barracks Reactor  
  117  9:49  Barracks Tech Lab, Barracks Reactor  
  117  9:51  Supply Depot  
  87  10:09  Marauder x2, Siege Tank  
  87  10:11  Marine  
  87  10:12  Marine, Terran Infantry Weapons Level 2  
  87  10:13  Terran Infantry Armor Level 2  
  101  10:17  Orbital Command  
  101  10:23  Marauder  
  101  10:24  Marine  
  101  10:25  Marine  
  101  10:26  Marine x2, Marauder  
  101  10:27  SCV  
  110  10:29  Marine, Supply Depot  
  110  10:30  Marine  
  110  10:34  Marauder  
  110  10:35  SCV  
  115  10:36  Marauder  
  115  10:39  Viking x2  
  115  10:42  Marine  
  115  10:43  Starport  
  115  10:45  Marauder  
  115  10:47  Marine x2, Marauder, Siege Tank  
  115  10:48  SCV  
  115  10:49  SCV  
  127  10:51  Orbital Command  
  127  10:57  Marauder  
  127  10:58  Marine x2  
  131  11:05  Marine x2  
  131  11:09  Viking x2  
  137  11:15  Marine x2, Marauder  
  132  11:21  Marine x2, Marauder  
  132  11:22  Marauder x2  
  132  11:23  Marine x2  
  134  11:33  Marine x2  
  134  11:35  Starport Reactor  
  134  11:37  Marauder  
  134  11:38  Supply Depot  
  121  11:50  Marine, Orbital Command  
  121  11:51  Marine x2, Marauder x3  
  100  11:55  Marine x2  
  95  12:02  Marine, Marauder  
  98  12:08  Marine  
  98  12:14  Marine  
  98  12:15  Marine, Marauder  
  100  12:23  Marine x2, Marauder  
  100  12:28  Orbital Command  
  104  12:35  Terran Infantry Weapons Level 3  
  104  12:36  Terran Infantry Armor Level 3  
  104  12:42  Marine, Marauder  
  107  12:48  Medivac, Siege Tank  
  107  12:50  Marine x2, Marauder  
  116  12:58  Viking  
  116  12:59  Marine x2, Marauder  
  116  13:01  SCV  
  116  13:02  SCV  
  103  13:20  Marine x4, Marauder x3  
  98  13:30  Marine x2, Marauder  
  96  13:38  Marine  
  97  13:42  Marauder x3  
  97  13:48  Medivac x2  
  107  13:50  SCV  
  107  13:51  Marine, SCV  
  107  13:52  Marauder  
  112  13:56  SCV x2  
  88  14:03  Marauder, Marine  
  88  14:04  Marauder, Reaper  
  88  14:06  Marine x2, Marauder  
  91  14:11  Marine x2  
  91  14:13  Marauder  
  71  14:20  SCV  
  71  14:21  Marine  
  71  14:23  Marine  
  72  14:24  Marauder  
  72  14:29  Marine x2, Marauder x2  
  80  14:37  Orbital Command  
  80  14:38  Orbital Command  
  80  14:39  Marine  
  80  14:40  Marine, Marauder  
  84  14:46  Marauder  
  84  14:48  Marine  
  84  14:49  Marine  
  87  14:53  Marine x2  
  87  14:54  Marauder  
  91  15:02  Marine x2, Marauder  
  95  15:13  Marine  
  95  15:23  Marine  
Show
View Real Time Build Order
Export as new Build Order

ReacH Protoss - Winner!

Build Orders: 1 Gate Expand, Blink Stalkers 

Get SALT Encoding   

  12  0:01  Probe (Chrono Boost)  
  13  0:11  Probe (Chrono Boost)  
  14  0:18  Pylon  
  14  0:24  Probe (Chrono Boost)  
  15  0:36  Probe (Chrono Boost)  
  15  0:38  Gateway  
  16  0:46  Assimilator  
  16  0:47  Probe (Chrono Boost)  
  17  0:58  Probe (Chrono Boost)  
  18  1:08  Probe (Chrono Boost)  
  19  1:23  Nexus  
  19  1:27  Probe (Chrono Boost)  
  20  1:36  Cybernetics Core  
  20  1:42  Probe (Chrono Boost)  
  20  1:45  Assimilator  
  21  1:51  Pylon  
  21  1:56  Probe (Chrono Boost)  
  22  2:07  Probe (Chrono Boost)  
  23  2:14  Stalker (Chrono Boost)  
  25  2:16  Warp Gate  
  25  2:17  Probe  
  26  2:29  Probe  
  27  2:32  Twilight Council  
  27  2:37  Probe  
  27  2:42  Probe (Chrono Boost)  
  29  2:47  Stalker (Chrono Boost)  
  29  2:49  Probe (Chrono Boost)  
  32  2:53  Probe (Chrono Boost)  
  33  3:01  Mothership Core (Chrono Boost)  
  33  3:04  Probe (Chrono Boost)  
  36  3:08  Pylon  
  36  3:14  Probe (Chrono Boost)  
  36  3:18  Probe (Chrono Boost)  
  38  3:23  Blink (Chrono Boost)  
  38  3:25  Probe  
  39  3:28  Probe  
  40  3:36  Gateway  
  40  3:37  Probe  
  41  3:42  Probe  
  41  3:47  Gateway, Stalker  
  44  3:51  Probe  
  45  3:56  Probe  
  46  4:03  Pylon  
  46  4:07  Probe  
  47  4:10  Probe  
  47  4:19  Probe  
  47  4:20  Pylon  
  47  4:21  Robotics Facility  
  48  4:27  Pylon  
  48  4:30  Pylon  
  48  4:32  Stalker x2  
  48  4:34  Probe  
  48  4:37  Probe  
  54  4:46  Probe, Assimilator  
  54  4:48  Assimilator  
  54  4:50  Probe  
  56  4:55  Nexus  
  56  4:59  Pylon  
  56  5:07  Sentry x2  
  56  5:08  Stalker  
  56  5:10  Probe  
  56  5:13  Pylon  
  63  5:16  Observer (Chrono Boost)  
  63  5:20  Probe  
  64  5:27  Forge  
  65  5:28  Forge  
  65  5:32  Probe  
  65  5:34  Probe  
  65  5:35  Observer (Chrono Boost)  
  68  5:40  Stalker  
  68  5:41  Stalker  
  72  5:43  Stalker, Probe  
  72  5:46  Probe  
  76  5:54  Probe  
  76  5:56  Observer (Chrono Boost)  
  78  5:58  Probe, Protoss Ground Weapons Level 1 (Chrono Boost), Protoss Ground Armor Level 1 (Chrono Boost)  
  79  6:06  Probe x2  
  81  6:13  Pylon  
  81  6:18  Observer  
  82  6:19  Gateway  
  82  6:20  Gateway  
  82  6:21  Probe  
  82  6:22  Probe x2  
  85  6:28  Gateway  
  85  6:31  Probe  
  85  6:34  Probe  
  85  6:36  Gateway, Pylon  
  85  6:39  Gateway  
  87  6:43  Zealot  
  87  6:45  Warp Prism  
  91  6:48  Probe  
  91  6:50  Probe  
  91  6:51  Probe  
  94  7:00  Robotics Facility, Probe  
  95  7:01  Probe  
  95  7:03  Robotics Bay  
  95  7:04  Resonating Glaives (Chrono Boost)  
  95  7:08  Pylon  
  96  7:09  Probe  
  96  7:12  Probe  
  96  7:13  Stalker, Probe  
  96  7:14  Stalker  
  103  7:19  Assimilator  
  103  7:20  Assimilator  
  103  7:21  Probe  
  104  7:29  Immortal  
  108  7:35  Stalker x2  
  108  7:36  Stalker  
  108  7:50  Stalker  
  108  7:51  Stalker  
  112  7:53  Extended Thermal Lance  
  112  8:04  Stalker x4  
  106  8:19  Stalker x3  
  110  8:28  Pylon  
  110  8:30  Zealot x2  
  110  8:31  Zealot, Colossus (Chrono Boost)  
  108  8:51  Stalker x2  
  108  8:52  Stalker x4  
  102  9:05  Colossus (Chrono Boost)  
  106  9:16  Zealot x3  
  106  9:17  Zealot x3  
  116  9:26  Stalker  
  116  9:27  Stalker  
  124  9:35  Colossus (Chrono Boost)  
  112  9:39  Zealot  
  112  9:40  Zealot x2  
  112  9:43  Stalker x3  
  115  10:02  Colossus (Chrono Boost)  
  115  10:04  Probe  
  122  10:08  Stalker x4  
  122  10:09  Stalker  
  132  10:15  Pylon x2  
  132  10:28  Protoss Ground Weapons Level 2 (Chrono Boost)  
  132  10:34  Colossus (Chrono Boost)  
  138  10:37  Zealot x3, Pylon  
  138  10:38  Zealot, Pylon  
  138  10:41  Protoss Ground Armor Level 2 (Chrono Boost)  
  146  10:45  Zealot  
  146  10:49  Nexus  
  148  10:51  Pylon  
  148  10:54  Pylon  
  148  11:11  Zealot x4  
  148  11:12  Zealot x2  
  148  11:13  Zealot  
  148  11:14  Zealot  
  136  11:29  Colossus  
  136  11:33  Zealot x2  
  136  11:35  Colossus  
  136  11:39  Templar Archives  
  126  12:00  Stalker x4  
  126  12:01  Stalker x3  
  130  12:15  Colossus  
  130  12:17  Psionic Storm  
  130  12:22  Dark Shrine  
  136  12:33  Warp Prism  
  138  12:39  High Templar x2  
  138  12:40  Assimilator  
  138  12:43  Assimilator  
  142  12:54  Photon Cannon  
  142  12:55  Photon Cannon  
  142  12:56  Photon Cannon  
  142  13:00  Zealot x2, High Templar x2  
  122  13:32  Stalker x4  
  122  13:33  Stalker x3  
  122  13:34  Stalker  
  136  14:02  Archon x2  
  129  14:06  Stalker x2  
  129  14:07  Stalker x6  
  139  14:14  Gateway  
  139  14:15  Gateway  
  127  14:22  Gateway  
  127  14:31  Stalker  
  127  14:32  Stalker x5  
  127  14:33  High Templar  
  127  14:34  High Templar  
  143  14:57  Zealot x2  
  143  14:58  Zealot x2  
  143  14:59  Zealot x2  
  155  15:09  Zealot x2  
  151  15:40  Archon  
Tags
 
Add a new tag
Caveats
  • Supply blocks, unpowered buildings, or Contaminate may cause inaccurate times.
  • Supply counts are checked every 10 seconds.